AoeStats
← Ds3.Braian

Nomad

507373398Analyzed
4v4 RM · 2mo ago on Sep 17, 2026· 46m 24s· 8 players
Game mode
Random Map
Map size
231×231
Population
200
Speed
Normal
Resources
Standard
Victory
Conquest
Starting age
Dark Age
Ending age
Imperial Age
RankedLock teamsTeams togetherTeam positionsShared explorationLock speedFull tech treeHidden civsTurbo modeCheats
Victory
Defeat
🇪🇸 Dravidians · Spain
1333
+11
🇧🇷 Hindustanis · Brazil
1331
+20
🇨🇱 Mongols · Chile
1327
+12
🇦🇷 Khmer · Argentina
1209
+16
vs
🇨🇴 Turks · Colombia
1271
-15
🇯🇴 Japanese · Jordan
1238
-13
🇵🇹 Koreans · Portugal
1216
-12
🇲🇽 Vikings · Mexico
1192
-11
hargir
3:56 Loom
16:35 Feudal Age
22:19 Castle Age
20:39 Double-Bit Axe
26:50 Bow Saw
29:39 Wheelbarrow
40:38 Imperial Age
38:34 Scale Mail Armor
38:57 Forging
38:35 Horse Collar
40:42 Bloodlines
41:12 Heavy Camel Rider
46:43 Iron Casting
46:14 Scale Barding Armor
Zé Gui
5:49 Loom
13:30 Feudal Age
15:31 Fletching
16:18 Stone Mining
33:33 Castle Age
35:16 Bodkin Arrow
36:10 Crossbowman
37:50 Double-Bit Axe
39:55 Elite Skirmisher
43:56 Bow Saw
mike
4:47 Loom
14:04 Feudal Age
20:04 Castle Age
18:39 Double-Bit Axe
20:29 Fletching
28:33 Stone Mining
32:56 Scale Mail Armor
33:38 Pikeman
35:53 Chain Mail Armor
37:39 Squires
37:38 Horse Collar
38:10 Forging
41:21 Bodkin Arrow
42:02 Iron Casting
44:44 Padded Archer Armor
44:41 Elite Skirmisher
Sir_FatLion
3:57 Loom
14:54 Feudal Age
15:58 Double-Bit Axe
16:18 Horse Collar
19:26 Castle Age
22:32 Bow Saw
22:23 Heavy Plow
25:48 Gold Mining
28:23 Scale Mail Armor
30:33 Wheelbarrow
30:08 Stone Mining
30:28 Squires
31:11 Forging
31:56 Pikeman
33:00 Chain Mail Armor
35:03 Iron Casting
Lapsus
3:19 Loom
13:16 Feudal Age
18:47 Castle Age
16:59 Fletching
19:08 Double-Bit Axe
19:39 Bodkin Arrow
20:32 Medium Warships
21:10 Bow Saw
22:22 Fishing Lines
23:57 Horse Collar
26:12 Wheelbarrow
25:42 Padded Archer Armor
27:56 Gillnets
28:15 Husbandry
29:13 Ballistics
33:00 Imperial Age
30:51 Gold Mining
31:55 Leather Archer Armor
32:23 Thumb Ring
33:42 Bracer
34:45 Chemistry
36:01 Fortified Wall
36:05 Masonry
36:56 Elite Elephant Archer
37:58 Medical Corps
38:41 Conscription
39:16 Ring Archer Armor
46:44 Coinage
Enner
5:32 Loom
13:59 Feudal Age
15:05 Double-Bit Axe
16:23 Bloodlines
17:10 Bloodlines
18:39 Scale Barding Armor
20:46 Horse Collar
21:22 Fishing Lines
24:58 Castle Age
23:32 Stone Mining
26:17 Bow Saw
26:09 Heavy Plow
26:22 Forging
26:32 Chain Barding Armor
28:28 Husbandry
29:39 Iron Casting
33:38 Town Watch
36:34 Imperial Age
35:39 Stone Shaft Mining
34:55 Gold Mining
35:09 Grand Trunk Road
35:18 Fletching
36:09 Wheelbarrow
35:19 Town Watch
39:41 Hand Cart
43:53 Conscription
43:38 Light Cavalry
45:30 Hussar
47:14 Blast Furnace
46:50 Plate Barding Armor
ovejaelectrica
3:31 Loom
12:42 Feudal Age
15:10 Forging
17:54 Castle Age
29:59 Wheelbarrow
30:56 Double-Bit Axe
34:42 Fletching
35:14 Horse Collar
35:45 Bow Saw
36:14 Fishing Lines
40:09 Bodkin Arrow
44:32 Imperial Age
42:26 Ballistics
44:43 Masonry
44:47 Husbandry
44:58 Bloodlines
45:18 Bracer
46:19 Chemistry
Ds3.Braian
10:47 Loom
15:29 Feudal Age
17:24 Horse Collar
17:37 Double-Bit Axe
21:52 Castle Age
25:34 Bloodlines
25:25 Husbandry
27:41 Wheelbarrow
30:30 Scale Barding Armor
32:49 Chain Barding Armor
33:04 Forging
42:28 Imperial Age
41:23 Iron Casting
41:28 Bow Saw
44:23 Plate Barding Armor
47:32 Blast Furnace
Connection lost

Rejoining the realm…

Still unreachable

The connection could not be restored.

Session expired

The server has moved on; the page needs a fresh start.